 Dungeon Crawl Stone Soup version 0.26.1-11-gd32895ea62 (webtiles) character file.

Game seed: 1318707317637212977

5795 alphawulf the Archer (level 10, 79/79 HPs)
             Began as a Gnoll Hunter on Mar 4, 2021.
             Was a Priest of Okawaru.
             Quit the game on level 9 of the Dungeon on May 12, 2021.
             The game lasted 00:34:03 (9340 turns).

alphawulf the Archer (Gnoll Hunter)                 Turns: 9340, Time: 00:34:03

Health: 79/79      AC: 19    Str: 20    XL:     10   Next: 79%
Magic:  18/18      EV: 11    Int: 21    God:    Okawaru [***...]
Gold:   312        SH:  0    Dex: 15    Spells: 20/20 levels left

rFire    . . .     SeeInvis .   a - +1 shortbow
rCold    . . .     Faith    .   (shield currently unavailable)
rNeg     . . .     Spirit   +   g - +0 chain mail
rPois    +         Reflect  .   t - +0 helmet
rElec    .         Harm     .   i - +0 cloak
rCorr    .         Rampage  .   c - +2 pair of gloves {Str+3}
Will     .....                  f - +2 pair of boots
Stlth    ..........             j - amulet of guardian spirit
HPRegen  0.23/turn              w - +6 ring of intelligence
MPRegen  0.16/turn              (no ring)

@: studying Maces & Flails
A: distributed training, fangs 1, poison resistance, MP-powered wands, strong
nose
a: Renounce Religion, Heroism


You were on level 9 of the Dungeon.
You worshipped Okawaru.
Okawaru was most pleased with you.
You visited 2 branches of the dungeon, and saw 10 of its levels.

You collected 511 gold pieces.
You spent 199 gold pieces at shops.

Inventory:

Hand Weapons
 a - a +1 shortbow (weapon)
 b - a +6 quarterstaff of draining
Missiles
 d - 101 arrows (quivered ammo)
Armour
 c - a +2 pair of gloves of strength (worn)
 f - a +2 pair of boots (worn)
 g - a +0 chain mail (worn)
 i - a +0 cloak (worn)
 t - a +0 helmet (worn)
Jewellery
 j - an amulet of guardian spirit (around neck)
 w - a +6 ring of intelligence (left hand)
Wands
 o - a wand of random effects (15)
 x - a wand of acid (6)
Scrolls
 e - 2 scrolls of immolation
 k - 3 scrolls of remove curse
 l - a scroll of magic mapping
 p - 3 scrolls of teleportation
 q - a scroll of enchant weapon
 s - 2 scrolls of enchant armour
 u - a scroll of fog
Potions
 h - 4 potions of curing
 m - 2 potions of attraction
 r - a potion of flight
 v - 2 potions of berserk rage {unknown}
 z - a potion of haste
Books
 n - a manual of Maces & Flails


   Skills:
 + Level 7.3 Fighting
 + Level 5.6 Short Blades
 + Level 5.6 Long Blades
 + Level 5.6 Axes
 + Level 7.7 Maces & Flails
 + Level 5.6 Polearms
 + Level 5.6 Staves
 + Level 5.6 Slings
 + Level 10.2 Bows
 + Level 5.6 Crossbows
 + Level 5.6 Throwing
 + Level 5.6 Armour
 + Level 7.3 Dodging
 + Level 6.1 Stealth
 + Level 5.6 Shields
 + Level 5.6 Unarmed Combat
 + Level 5.6 Spellcasting
 + Level 4.6 Conjurations
 + Level 4.6 Hexes
 + Level 4.6 Summonings
 + Level 4.6 Necromancy
 + Level 4.6 Translocations
 + Level 4.6 Transmutations
 + Level 4.6 Fire Magic
 + Level 4.6 Ice Magic
 + Level 4.6 Air Magic
 + Level 4.6 Earth Magic
 + Level 4.6 Poison Magic
 + Level 6.1 Invocations
 + Level 5.6 Evocations


You had 20 spell levels left.
You didn't know any spells.
Your spell library contained the following spells:

 Spells                   Type           Power        Failure   Level
 Animate Skeleton         Necr           50%          14%         1
 Apportation              Tloc           50%          14%         1
 Corona                   Hex            27%          14%         1
 Sandblast                Erth           50%          14%         1
 Summon Small Mammal      Summ           100%         14%         1
 Ensorcelled Hibernation  Hex/Ice        50%          21%         2
 Passwall                 Tmut/Erth      20%          21%         2
 Confusing Touch          Hex            25%          38%         3
 Dazzling Flash           Conj/Hex       50%          38%         3
 Portal Projectile        Hex/Tloc       50%          38%         3
 Stone Arrow              Conj/Erth      50%          38%         3
 Tukima's Dance           Hex            25%          38%         3
 Petrify                  Tmut/Erth      25%          80%         4
 Lee's Rapid Deconstruct  Erth           12%          98%         5
 Malign Gateway           Summ/Tloc      12%          100%        7
 Tornado                  Air            12%          100%        9


Dungeon Overview and Level Annotations

Branches:
Dungeon (9/15)             Temple (1/1) D:6
   Lair: D:8-11         Orc: D:9-12

Altars:
Ashenzari
Cheibriados
Dithmenos
Elyvilon
Fedhas
Gozag
Hepliaklqana
Kikubaaqudgha
Makhleb
Nemelex Xobeh
Okawaru
Qazlal
Ru
Sif Muna
Trog
Uskayaw
Vehumet
Wu Jian
Xom
Yredelemnul
Zin
The Shining One

Shops:
D:5 :   D:6 **:[(

Annotations:
D:8 2 transporters, Gaust's ghost, novice GnWr


Innate Abilities, Weirdness & Mutations

Your experience applies equally to all skills.
You have very sharp teeth.
Your uncanny sense of smell can sniff out nearby items.
Your system is resistant to poisons. (rPois)
You expend magic power (3 MP) to strengthen your wands.


Message History

You kill the orc priest!
Okawaru accepts your kill.
No target in view!
a - a +1 shortbow (weapon)
No target in view!
You hear the steady creaking of a distant portcullis.
You hear the steady creaking of a distant portcullis.
You see here a +0 dagger.
p - 3 scrolls of teleportation (gained 1)
Things that are here:
a +0 flail; a +0 plate armour
d - 101 arrows (gained 2)
You see here a +0 hand axe.
Found 19 stones.
You hear the steady creaking of a distant portcullis.
Found 29 stones.
You see here 19 stones.
A scorpion comes into view.
You hear the quick creaking of a distant portcullis.
Are you sure you want to abandon this character and quit the game? (Confirm with "yes".)

###.##.....(.....#....###
#..##..#.............# #
###...######........#
#.##.## ##.......# #
#.##..## ##.......# ##
#.###..###...(....####.
#.# ##.....####...##..#
### #.##### #.......# #@#
#.#.###.# #.s....# #.#.#
##. ##..##.. ##### ## #.
.##. # # . #. ## ##


You could see a scorpion.

Vanquished Creatures
  A two-headed ogre (D:8)
  Joseph (D:7)
  Grinder (D:4)
  Sigmund (D:6)
  Eustachio (D:6)
  A wyvern (D:8)
  Grum (D:8)
  Duvessa (D:6)
  A hornet zombie (D:7)
  2 ice beasts (D:8)
  2 sky beasts
  2 ogres (D:5)
  6 orc warriors
  A black bear (D:8)
  2 phantoms
  2 wolves (D:8)
  2 centaurs
  A big kobold (D:9)
  Blork the orc (D:6)
  2 bullfrogs (D:7)
  Dowan (D:6)
  A wyvern zombie (D:6)
  3 wights (D:7)
  3 electric eels (D:7)
  5 bullfrog zombies (D:6)
  A centaur zombie (D:6)
  Crazy Yiuf (D:7)
  2 hounds
  9 orc priests
  An iguana (D:9)
  A jelly (D:8)
  2 centaur skeletons
  Jessica (D:4)
  Terence (D:3)
  10 orc wizards
  5 worker ants
  A killer bee zombie (D:5)
  5 hound zombies (D:6)
  2 hound skeletons
  A howler monkey zombie (D:6)
  4 worker ant zombies (D:6)
  11 adders
  2 shadow imps (D:8)
  2 white imps
  An ooze (D:3)
  An adder skeleton (D:5)
  2 adder zombies (D:6)
  A worm (D:3)
  2 dart slugs (D:1)
  7 leopard geckos
  42 orcs
  5 giant cockroaches
  5 hobgoblins
  3 jackals (D:3)
  3 quokkas
  A ball python (D:2)
  9 bats
  2 frilled lizards
  A giant cockroach zombie (D:6)
  8 goblins
  2 jackal zombies (D:6)
  14 kobolds
  A leopard gecko skeleton (D:6)
  2 quokka zombies (D:6)
  6 rats
225 creatures vanquished.

Vanquished Creatures (others)
  9 plants
  A withered plant (D:6)
10 creatures vanquished.

Grand Total: 235 creatures vanquished

Notes
Turn   | Place    | Note
-------+----------+-------------------------------------------
     0 | D:1      | alphawulf the Gnoll Hunter began the quest for the Orb.
     0 | D:1      | Reached XP level 1. HP: 20/20 MP: 1/1
   126 | D:1      | Reached XP level 2. HP: 26/26 MP: 2/2
   438 | D:1      | Reached XP level 3. HP: 31/31 MP: 3/3
   874 | D:2      | Reached skill level 1 in Invocations
  1002 | D:2      | Reached skill level 1 in Short Blades
  1002 | D:2      | Reached skill level 1 in Long Blades
  1002 | D:2      | Reached skill level 1 in Axes
  1002 | D:2      | Reached skill level 1 in Maces & Flails
  1002 | D:2      | Reached skill level 1 in Polearms
  1002 | D:2      | Reached skill level 1 in Staves
  1002 | D:2      | Reached skill level 1 in Slings
  1002 | D:2      | Reached skill level 1 in Crossbows
  1002 | D:2      | Reached skill level 1 in Throwing
  1002 | D:2      | Reached skill level 1 in Armour
  1002 | D:2      | Reached skill level 1 in Shields
  1002 | D:2      | Reached skill level 1 in Unarmed Combat
  1002 | D:2      | Reached skill level 1 in Spellcasting
  1002 | D:2      | Reached skill level 1 in Evocations
  1066 | D:2      | Reached XP level 4. HP: 38/38 MP: 5/5
  1081 | D:2      | Found a faded altar of an unknown god.
  1557 | D:3      | Reached skill level 1 in Conjurations
  1557 | D:3      | Reached skill level 1 in Hexes
  1557 | D:3      | Reached skill level 1 in Summonings
  1557 | D:3      | Reached skill level 1 in Necromancy
  1557 | D:3      | Reached skill level 1 in Translocations
  1557 | D:3      | Reached skill level 1 in Transmutations
  1557 | D:3      | Reached skill level 1 in Fire Magic
  1557 | D:3      | Reached skill level 1 in Ice Magic
  1557 | D:3      | Reached skill level 1 in Air Magic
  1557 | D:3      | Reached skill level 1 in Earth Magic
  1557 | D:3      | Reached skill level 1 in Poison Magic
  1642 | D:3      | Reached XP level 5. HP: 40/43 MP: 5/7
  2236 | D:3      | Noticed Terence
  2243 | D:3      | Killed Terence
  2244 | D:3      | Reached XP level 6. HP: 50/50 MP: 8/8
  2692 | D:4      | Noticed Grinder
  2694 | D:4      | Gained mutation: Your system is resistant to poisons.
                  | (rPois) [potion of mutation]
  2694 | D:4      | Gained mutation: You expend magic power (3 MP) to
                  | strengthen your wands. [potion of mutation]
  2708 | D:4      | Killed Grinder
  2709 | D:4      | Reached skill level 5 in Fighting
  2709 | D:4      | Reached skill level 5 in Dodging
  2709 | D:4      | Reached XP level 7. HP: 12/56 MP: 8/10
  2952 | D:4      | Upgraded the game from 0.26.1-2-gb8aa6d0cf2 to
                  | 0.26.1-10-gdfb7c7de75
  3664 | D:4      | Noticed Jessica
  3665 | D:4      | Killed Jessica
  3673 | D:4      | Found a shimmering blue altar of Sif Muna.
  3776 | D:5      | Entered Level 5 of the Dungeon
  3808 | D:5      | Reached skill level 9 in Bows
  4398 | D:5      | Reached XP level 8. HP: 43/63 MP: 8/12
  5169 | D:5      | Found a sacrificial altar of Ru.
  5169 | D:5      | Found a hazy altar of Hepliaklqana.
  5177 | D:5      | Found a blossoming altar of Fedhas.
  5183 | D:5      | Found a stormy altar of Qazlal.
  5185 | D:5      | Found a sparkling altar of Nemelex Xobeh.
  5252 | D:5      | Found Utweenn's Book Emporium.
  5422 | D:6      | Noticed Eustachio
  5436 | D:6      | Killed Eustachio
  5441 | D:6      | Found Luaqogg's Antique Weapon Emporium.
  5451 | D:6      | Bought a runed great sword for 199 gold pieces
  5461 | D:6      | Noticed Duvessa
  5471 | D:6      | Killed Duvessa
  5471 | D:6      | Noticed Dowan
  5472 | D:6      | Reached XP level 9. HP: 67/69 MP: 12/14
  5485 | D:6      | Killed Dowan
  5486 | D:6      | Reached skill level 5 in Maces & Flails
  5687 | D:6      | Found a staircase to the Ecumenical Temple.
  5699 | Temple   | Entered the Ecumenical Temple
  5762 | Temple   | Became a worshipper of Warmaster Okawaru
  6107 | D:6      | Found Amnogoach's Assorted Antiques.
  6156 | D:6      | Noticed Sigmund
  6174 | D:6      | Found Ogeyteme's Antique Armour Shoppe.
  6175 | D:6      | Killed Sigmund
  6240 | D:6      | Found Paamak's Book Shoppe.
  6267 | D:6      | Noticed Blork the orc
  6289 | D:6      | Killed Blork the orc
  6297 | D:6      | Reached skill level 5 in Stealth
  6420 | D:6      | Reached * piety under Okawaru
  6588 | D:6      | Found Vonefif's Assorted Antiques.
  6712 | D:7      | Reached skill level 5 in Invocations
  7103 | D:7      | Noticed Joseph
  7118 | D:7      | Killed Joseph
  7129 | D:7      | Reached XP level 10. HP: 43/77 MP: 8/17
  7543 | D:7      | Found a runed translucent door.
  7544 | D:7      | Noticed Crazy Yiuf
  7550 | D:7      | Killed Crazy Yiuf
  7550 | D:7      | Reached ** piety under Okawaru
  7774 | D:7      | Reached skill level 5 in Short Blades
  7774 | D:7      | Reached skill level 5 in Long Blades
  7774 | D:7      | Reached skill level 5 in Axes
  7774 | D:7      | Reached skill level 5 in Polearms
  7774 | D:7      | Reached skill level 5 in Staves
  7774 | D:7      | Reached skill level 5 in Slings
  7774 | D:7      | Reached skill level 5 in Crossbows
  7774 | D:7      | Reached skill level 5 in Throwing
  7774 | D:7      | Reached skill level 5 in Armour
  7774 | D:7      | Reached skill level 5 in Shields
  7774 | D:7      | Reached skill level 5 in Unarmed Combat
  7774 | D:7      | Reached skill level 5 in Spellcasting
  7774 | D:7      | Reached skill level 5 in Evocations
  8179 | D:8      | Noticed a two-headed ogre
  8188 | D:8      | Killed a two-headed ogre
  8188 | D:8      | Reached *** piety under Okawaru
  8189 | D:8      | Reached skill level 10 in Bows
  8190 | D:8      | Identified the Compendium of the Gliding Voyage
  8355 | D:8      | Noticed Grum
  8371 | D:8      | Killed Grum
  8558 | D:8      | Noticed Gaust's ghost (novice GnWr)
  8559 | D:8      | Found a transporter.
  8563 | D:8      | Found a transporter.
  9034 | D:9      | Upgraded the game from 0.26.1-10-gdfb7c7de75 to
                  | 0.26.1-11-gd32895ea62
  9041 | D:9      | Received a gift from Okawaru
  9340 | D:9      | Quit the game

Illustrated notes

Levels and vault maps discovered:
D:1:      mrwooster_arrival_statue, layout_loops_ring
D:2:      layout_rooms, chequers_ecumenical_altar_simple_redux
D:3:      layout_loops_corners, uniq_terence
D:4:      layout_loops_cross, tgw_sif, minmay_manual_monstrance, uniq_grinder
D:5:      layout_rooms, chequers_temple_overflow_minitemple, serial_shops, shop
D:6:      layout_rooms, minmay_temple_entry_antechambers, serial_shops,
          nicolae_shop_overgrown_old_shop, shop, shop_coins, shop, shop,
          serial_undead, serial_undead_d, serial_undead_a, serial_undead_c,
          serial_undead_d, serial_undead_d, serial_undead_b, serial_undead_d,
          serial_undead_b, uniq_blork_the_orc, uniq_duvessa, uniq_eustachio,
          uniq_sigmund
D:7:      wad_lake_hut, layout_rooms, uniq_crazy_yiuf_cottage, uniq_joseph
D:8:      layout_rooms, gammafunk_ghost_mausoleum, uniq_grum
D:9:      layout_layer_cave, david_lair_shrubbed, enter_bailey_3
Temple:   nicolae_temple_elliptical

Skill      XL: |  1  2  3  4  5  6  7  8  9 10 |
---------------+-------------------------------+-----
Invocations    | 1 2 3 4 5 6 |  6.1
Short Blades   | 1 2 3 4 5 |  5.6
Long Blades    | 1 2 3 4 5 |  5.6
Axes           | 1 2 3 4 5 |  5.6
Maces & Flails | 1 2 3 4 6 7 |  7.7
Polearms       | 1 2 3 4 5 |  5.6
Staves         | 1 2 3 4 5 |  5.6
Slings         | 1 2 3 4 5 |  5.6
Crossbows      | 1 2 3 4 5 |  5.6
Throwing       | 1 2 3 4 5 |  5.6
Armour         | 1 2 3 4 5 |  5.6
Shields        | 1 2 3 4 5 |  5.6
Unarmed Combat | 1 2 3 4 5 |  5.6
Spellcasting   | 1 2 3 4 5 |  5.6
Evocations     | 1 2 3 4 5 |  5.6
Conjurations   | 1 2 3 4 |  4.6
Hexes          | 1 2 3 4 |  4.6
Summonings     | 1 2 3 4 |  4.6
Necromancy     | 1 2 3 4 |  4.6
Translocations | 1 2 3 4 |  4.6
Transmutations | 1 2 3 4 |  4.6
Fire Magic     | 1 2 3 4 |  4.6
Ice Magic      | 1 2 3 4 |  4.6
Air Magic      | 1 2 3 4 |  4.6
Earth Magic    | 1 2 3 4 |  4.6
Poison Magic   | 1 2 3 4 |  4.6
Stealth        | 3 4 5 6 |  6.1
Fighting       | 5 6 7 |  7.3
Dodging        | 5 6 7 |  7.3
Bows           | 9 10 | 10.2

Action                   |  1- 3 |  4- 6 |  7- 9 | 10-12 || total
-------------------------+-------+-------+-------+-------++-------
Melee: Short sword       |    15 |     8 |       |       ||    23
       Bite              |     3 |    11 |    45 |    15 ||    74
       Spear             |       |    84 |       |       ||    84
       Great sword       |       |    35 |   263 |       ||   298
       Quarterstaff      |       |       |       |   137 ||   137
 Fire: Shortbow          |    69 |    40 |   113 |    98 ||   320
Invok: Heroism           |       |       |     1 |       ||     1
  Use: Scroll            |     4 |     4 |     7 |     1 ||    16
       Potion            |       |     1 |     1 |       ||     2
Armor: Leather armour    |    16 |       |       |       ||    16
       Chain mail        |       |    88 |   229 |    64 ||   381
Dodge: Dodged            |    26 |    48 |   209 |    81 ||   364
       Rpst.: Great sword |       |     3 |    76 |       ||    79
